TOP OF THE 1ST |
Kansas City Kings batting - Pitching for Jersey Shore D-Bags : RHP Roland Martin
|
Pitching: RHP Roland Martin
|
|
Batting: LHB Brian Boone
|
0-0: Ball 1-0: Foul Ball, location: 2F 1-1: Ball 2-1: Ball 3-1: Called Strike 3-2: Foul Ball, location: 2F 3-2: Base on Balls
|
Batting: SHB Víctor Serrano
|
0-0: Called Strike 0-1: Ball 1-1: Ball 2-1: Called Strike 2-2: Strikes out swinging
|
Batting: LHB Pablo Reyes
|
0-0: Ball 1-0: Called Strike 1-1: Ball 2-1: Ball 3-1: Foul Ball, location: 2F 3-2: Strikes out swinging Brian Boone is caught stealing 2nd base Batter strikes out.
|
Top of the 1st over - 0 run(s), 0 hit(s), 0 error(s), 0 left on base; Kansas City 0 - Jersey Shore 0 |
BOTTOM OF THE 1ST |
Jersey Shore D-Bags batting - Pitching for Kansas City Kings : RHP Carlos Pacheco
|
Pitching: RHP Carlos Pacheco
|
|
Batting: RHB Ricardo González
|
0-0: Ball 1-0: Called Strike 1-1: Ball 2-1: Foul Ball, location: 2F 2-2: Foul Ball, location: 2F 2-2: Ball 3-2: Base on Balls
|
Batting: RHB Millard Boyd
|
0-0: Ball 1-0: Called Strike 1-1: Ball 2-1: Called Strike 2-2: Ball 3-2: Foul Ball, location: 2F 3-2: Foul Ball, location: 2F 3-2: Ground out 6-3 (Groundball, 6M) Ricardo González to second
|
Batting: LHB Dave Dodd
|
0-0: Foul Ball, location: 2F 0-1: Ball 1-1: Ball 2-1: Ball 3-1: Fly out, F7 (Popup, 78S)
|
Batting: LHB Pat Zimmerman
|
0-0: Ball 1-0: Fly out, F4 (Popup, 3DF)
|
Bottom of the 1st over - 0 run(s), 0 hit(s), 0 error(s), 1 left on base; Kansas City 0 - Jersey Shore 0 |
TOP OF THE 2ND |
Kansas City Kings batting - Pitching for Jersey Shore D-Bags : RHP Roland Martin
|
Batting: RHB Chris Chandler
|
0-0: Called Strike 0-1: Swinging Strike 0-2: Ball 1-2: Ground out 5-3 (Groundball, 56)
|
Batting: RHB Dave Parker
|
0-0: SINGLE (Groundball, 6D)
|
Batting: RHB Adrian Prouse
|
0-0: Called Strike 0-1: Grounds into double play, U6-3 (Groundball, 6)
|
Top of the 2nd over - 0 run(s), 1 hit(s), 0 error(s), 0 left on base; Kansas City 0 - Jersey Shore 0 |
BOTTOM OF THE 2ND |
Jersey Shore D-Bags batting - Pitching for Kansas City Kings : RHP Carlos Pacheco
|
Batting: RHB Matt Doyle
|
0-0: Foul Ball, location: 2F 0-1: Fly out, F9 (Popup, 9S)
|
Batting: LHB Robert Phillips
|
0-0: SOLO HOME RUN (Flyball, 9LD), Distance : 369 ft
|
Batting: RHB Miguel Serna
|
0-0: Called Strike 0-1: Ball 1-1: Ground out 6-3 (Groundball, 56)
|
Batting: RHB Luis Ríos
|
0-0: Called Strike 0-1: Ball 1-1: Foul Ball, location: 2F 1-2: Foul Ball, location: 2F 1-2: Foul Ball, location: 2F 1-2: Foul Ball, location: 2F 1-2: Strikes out swinging
|
Bottom of the 2nd over - 1 run(s), 1 hit(s), 0 error(s), 0 left on base; Kansas City 0 - Jersey Shore 1 |
TOP OF THE 3RD |
Kansas City Kings batting - Pitching for Jersey Shore D-Bags : RHP Roland Martin
|
Batting: RHB Mario Franco
|
0-0: Ball 1-0: Ball 2-0: Fly out, F9 (Flyball, 9D)
|
Batting: LHB Vic Robertson
|
0-0: Ball 1-0: Swinging Strike 1-1: Hit by Pitch
|
Batting: RHB Matt Richards
|
0-0: Called Strike 0-1: Ball 1-1: Called Strike 1-2: Ball 2-2: Strikes out looking
|
Batting: LHB Brian Boone
|
0-0: Called Strike 0-1: Foul Ball, location: 2F 0-2: Ball 1-2: Foul Ball, location: 2F 1-2: Strikes out swinging
|
Top of the 3rd over - 0 run(s), 0 hit(s), 0 error(s), 1 left on base; Kansas City 0 - Jersey Shore 1 |
BOTTOM OF THE 3RD |
Jersey Shore D-Bags batting - Pitching for Kansas City Kings : RHP Carlos Pacheco
|
Batting: RHB Cy Keynes
|
0-0: Called Strike 0-1: Ball 1-1: Foul Ball, location: 2F 1-2: Strikes out swinging
|
Batting: RHB Ricardo González
|
0-0: Foul Ball, location: 2F 0-1: Ball 1-1: Fly out, F7 (Line Drive, 7M)
|
Batting: RHB Millard Boyd
|
0-0: Ball 1-0: Called Strike 1-1: Foul Ball, location: 2F 1-2: Foul Ball, location: 2F 1-2: Ball 2-2: Fly out, F5 (Line Drive, 5D)
|
Bottom of the 3rd over - 0 run(s), 0 hit(s), 0 error(s), 0 left on base; Kansas City 0 - Jersey Shore 1 |
TOP OF THE 4TH |
Kansas City Kings batting - Pitching for Jersey Shore D-Bags : RHP Roland Martin
|
Batting: SHB Víctor Serrano
|
0-0: Ball 1-0: Ball 2-0: Called Strike 2-1: Foul Ball, location: 2F 2-2: Foul Ball, location: 2F 2-2: Strikes out swinging
|
Batting: LHB Pablo Reyes
|
0-0: Called Strike 0-1: Ball 1-1: Foul Ball, location: 2F 1-2: Strikes out swinging
|
Batting: RHB Chris Chandler
|
0-0: Swinging Strike 0-1: Swinging Strike 0-2: Ball 1-2: Ball 2-2: Strikes out looking
|
Top of the 4th over - 0 run(s), 0 hit(s), 0 error(s), 0 left on base; Kansas City 0 - Jersey Shore 1 |
BOTTOM OF THE 4TH |
Jersey Shore D-Bags batting - Pitching for Kansas City Kings : RHP Carlos Pacheco
|
Batting: LHB Dave Dodd
|
0-0: Ball 1-0: Ball 2-0: Swinging Strike 2-1: Ball 3-1: SINGLE (Groundball, 34)
|
Batting: LHB Pat Zimmerman
|
0-0: Called Strike 0-1: Called Strike 0-2: Ball 1-2: Grounds into double play, 4-6-3 (Groundball, 4)
|
Batting: RHB Matt Doyle
|
0-0: Ball 1-0: Foul Ball, location: 2F 1-1: Ball 2-1: SOLO HOME RUN (Flyball, 7D), Distance : 359 ft
|
Batting: LHB Robert Phillips
|
0-0: Ball 1-0: Ball 2-0: Swinging Strike 2-1: Ball 3-1: Foul Ball, location: 2F 3-2: Foul Ball, location: 2F 3-2: SINGLE (Line Drive, 56)
|
Batting: RHB Miguel Serna
|
0-0: Called Strike 0-1: Ball 1-1: Swinging Strike 1-2: Fielders Choice at 2nd, 5-4 (Groundball, 5)
|
Bottom of the 4th over - 1 run(s), 3 hit(s), 0 error(s), 0 left on base; Kansas City 0 - Jersey Shore 2 |
TOP OF THE 5TH |
Kansas City Kings batting - Pitching for Jersey Shore D-Bags : RHP Roland Martin
|
Batting: RHB Dave Parker
|
0-0: Foul Ball, location: 2F 0-1: Swinging Strike 0-2: Ball 1-2: Strikes out swinging
|
Batting: RHB Adrian Prouse
|
0-0: Called Strike 0-1: Ball 1-1: Ball 2-1: Foul Ball, location: 2F 2-2: Ground out 1-3 (Groundball, 15)
|
Batting: RHB Mario Franco
|
0-0: Called Strike 0-1: Ball 1-1: Ball 2-1: SINGLE (Line Drive, 9LS)
|
Batting: LHB Vic Robertson
|
0-0: Fly out, F5 (Popup, 5F)
|
Top of the 5th over - 0 run(s), 1 hit(s), 0 error(s), 1 left on base; Kansas City 0 - Jersey Shore 2 |
BOTTOM OF THE 5TH |
Jersey Shore D-Bags batting - Pitching for Kansas City Kings : RHP Carlos Pacheco
|
Batting: RHB Luis Ríos
|
0-0: Foul Ball, location: 2F 0-1: Swinging Strike 0-2: Ball 1-2: SINGLE (Line Drive, 56D)
|
Batting: RHB Cy Keynes
|
0-0: Called Strike 0-1: Ball 1-1: Ball 2-1: Foul Ball, location: 2F 2-2: Strikes out swinging
|
Batting: RHB Ricardo González
|
0-0: Called Strike 0-1: Ball 1-1: Ball 2-1: Called Strike 2-2: Grounds into double play, U4-3 (Groundball, 4M)
|
Bottom of the 5th over - 0 run(s), 1 hit(s), 0 error(s), 0 left on base; Kansas City 0 - Jersey Shore 2 |
TOP OF THE 6TH |
Kansas City Kings batting - Pitching for Jersey Shore D-Bags : RHP Roland Martin
|
Batting: RHB Matt Richards
|
0-0: Foul Ball, location: 2F 0-1: Ball 1-1: Ball 2-1: Foul Ball, location: 2F 2-2: Ground out 6-3 (Groundball, 56)
|
Batting: LHB Brian Boone
|
0-0: Foul Ball, location: 2F 0-1: Foul Ball, location: 2F 0-2: Strikes out swinging
|
Batting: SHB Víctor Serrano
|
0-0: Ball 1-0: SOLO HOME RUN (Flyball, 9D), Distance : 369 ft
|
Batting: LHB Pablo Reyes
|
0-0: Ball 1-0: Ball 2-0: Called Strike 2-1: Ball 3-1: Called Strike 3-2: Foul Ball, location: 2F 3-2: Strikes out swinging
|
Top of the 6th over - 1 run(s), 1 hit(s), 0 error(s), 0 left on base; Kansas City 1 - Jersey Shore 2 |
BOTTOM OF THE 6TH |
Jersey Shore D-Bags batting - Pitching for Kansas City Kings : RHP Carlos Pacheco
|
Batting: RHB Millard Boyd
|
0-0: Ball 1-0: Ground out 5-3 (Groundball, 5)
|
Batting: LHB Dave Dodd
|
0-0: Foul Ball, location: 2F 0-1: Ball 1-1: Ground out 4-3 (Groundball, 34)
|
Batting: LHB Pat Zimmerman
|
0-0: Called Strike 0-1: Swinging Strike 0-2: SINGLE (Groundball, 6M) (infield hit)
|
Batting: RHB Matt Doyle
|
0-0: Ball 1-0: Called Strike 1-1: Called Strike 1-2: Ball 2-2: Ball 3-2: Ground out 5-3 (Groundball, 56S)
|
Bottom of the 6th over - 0 run(s), 1 hit(s), 0 error(s), 1 left on base; Kansas City 1 - Jersey Shore 2 |
TOP OF THE 7TH |
Kansas City Kings batting - Pitching for Jersey Shore D-Bags : RHP Roland Martin
|
Now in RF: Dave Watt
|
|
Batting: RHB Chris Chandler
|
0-0: Foul Ball, location: 2F 0-1: Foul Ball, location: 2F 0-2: Ball 1-2: Foul Ball, location: 2F 1-2: Ground out 6-3 (Groundball, 6D)
|
Batting: RHB Dave Parker
|
0-0: Called Strike 0-1: Ball 1-1: Ball 2-1: Ball 3-1: Called Strike 3-2: Foul Ball, location: 2F 3-2: Strikes out swinging
|
Batting: RHB Adrian Prouse
|
0-0: Ball 1-0: Called Strike 1-1: Ball 2-1: Ball 3-1: Base on Balls
|
Batting: RHB Mario Franco
|
0-0: Ball 1-0: Called Strike 1-1: Swinging Strike 1-2: Foul Ball, location: 2F 1-2: Foul Ball, location: 2F 1-2: Strikes out swinging
|
Top of the 7th over - 0 run(s), 0 hit(s), 0 error(s), 1 left on base; Kansas City 1 - Jersey Shore 2 |
BOTTOM OF THE 7TH |
Jersey Shore D-Bags batting - Pitching for Kansas City Kings : RHP Carlos Pacheco
|
Pitching: LHP Víctor Soto
|
|
Batting: LHB Robert Phillips
|
0-0: Swinging Strike 0-1: Ball 1-1: Ball 2-1: Foul Ball, location: 2F 2-2: Ground out U3 (Groundball, 3S)
|
Pitching: RHP Tom McConnell
|
|
Batting: RHB Miguel Serna
|
0-0: Ball 1-0: Fly out, F8 (Line Drive, 8LS)
|
Batting: RHB Luis Ríos
|
0-0: Fly out, F8 (Flyball, 8RD)
|
Bottom of the 7th over - 0 run(s), 0 hit(s), 0 error(s), 0 left on base; Kansas City 1 - Jersey Shore 2 |
TOP OF THE 8TH |
Kansas City Kings batting - Pitching for Jersey Shore D-Bags : RHP Roland Martin
|
Pitching: RHP Paco Gutiérrez
|
|
Batting: LHB Vic Robertson
|
0-0: Fly out, F8 (Flyball, 8LM)
|
Batting: RHB Matt Richards
|
0-0: Ground out 5-3 (Groundball, 5)
|
Pitching: LHP Hyo-chin Kim
|
|
Batting: LHB Brian Boone
|
0-0: Ball 1-0: Called Strike 1-1: Ball 2-1: Ball 3-1: Called Strike 3-2: Base on Balls
|
Pitching: RHP Johnathan Phillips
|
|
Batting: SHB Víctor Serrano
|
0-0: Ball 1-0: Foul Ball, location: 2F 1-1: Fly out, F5 (Popup, 15S)
|
Top of the 8th over - 0 run(s), 0 hit(s), 0 error(s), 1 left on base; Kansas City 1 - Jersey Shore 2 |
BOTTOM OF THE 8TH |
Jersey Shore D-Bags batting - Pitching for Kansas City Kings : RHP Tom McConnell
|
Batting: RHB Cy Keynes
|
0-0: Called Strike 0-1: Foul Ball, location: 2F 0-2: Ball 1-2: Ball 2-2: SINGLE (Groundball, 4MD)
|
Batting: RHB Ricardo González
|
0-0: Sac Bunt - play at first, batter OUT! U3 Cy Keynes to second
|
Batting: RHB Millard Boyd
|
0-0: Foul Ball, location: 2F 0-1: Ball 1-1: Ball 2-1: Foul Ball, location: 2F 2-2: Ball 3-2: Ground out 6-3 (Groundball, 6M) Cy Keynes to third
|
Batting: LHB Dave Dodd
|
0-0: Ball 1-0: Ball 2-0: Ball 3-0: Base on Balls
|
Batting: LHB Dave Watt
|
0-0: Ball 1-0: Called Strike 1-1: Ball 2-1: Foul Ball, location: 2F 2-2: Ball 3-2: Strikes out swinging
|
Bottom of the 8th over - 0 run(s), 1 hit(s), 0 error(s), 2 left on base; Kansas City 1 - Jersey Shore 2 |
TOP OF THE 9TH |
Kansas City Kings batting - Pitching for Jersey Shore D-Bags : RHP Johnathan Phillips
|
Pitching: LHP Gerald Johnson
|
|
Batting: LHB Pablo Reyes
|
0-0: Ball 1-0: Ball 2-0: Ball 3-0: Called Strike 3-1: Base on Balls
|
Batting: RHB Chris Chandler
|
0-0: Ball 1-0: Ball 2-0: Foul Ball, location: 2F 2-1: SINGLE (Groundball, 6MD) Pablo Reyes to second
|
Batting: RHB Dave Parker
|
0-0: Ball 1-0: Called Strike 1-1: Fly out, F7 (Flyball, 78M)
|
Batting: RHB Adrian Prouse
|
0-0: Called Strike 0-1: Ball 1-1: Ball 2-1: Foul Ball, location: 2F 2-2: Ball 3-2: Foul Ball, location: 2F 3-2: Strikes out swinging
|
Pinch Hitting: RHB Ron James
|
0-0: Ball 1-0: Foul Ball, location: 2F 1-1: Fielders Choice at 2nd, U6 (Groundball, 6M)
|
Top of the 9th over - 0 run(s), 1 hit(s), 0 error(s), 2 left on base; Kansas City 1 - Jersey Shore 2 |
|